 Dungeon Crawl Stone Soup version 0.18.1-50-g88ac8fd (webtiles) character file.

1220 grisgris the Magician (level 8, -21/43 HPs)
             Began as a Deep Elf Summoner on Nov 11, 2016.
             Was a Believer of Vehumet.
             Killed from afar by Erica (34 damage)
             ... with a bolt of poison
             ... on level 1 of the Lair of Beasts.
             The game lasted 00:37:20 (7754 turns).

grisgris the Magician (Deep Elf Summoner)           Turns: 7754, Time: 00:37:21

Health: -21/43     AC:  4    Str: 10    XL:     8   Next: 23%
Magic:  7/20       EV: 14    Int: 23    God:    Vehumet [**....]
Gold:   306        SH:  0    Dex: 15    Spells: 5 memorised, 4 levels left

rFire  . . .     SeeInvis .     o - staff of summoning
rCold  . . .     Gourm    .     a - +0 robe
rNeg   . . .     Faith    .     i - +2 buckler
rPois  .         Spirit   .     (no helmet)
rElec  .         Dismiss  .     g - +0 cloak
rCorr  .         Reflect  +     s - +0 pair of gloves
SustAt .         Harm     .     (no boots)
MR     .....                    q - +4 amulet of reflection
Stlth  +.........               n - +2 ring of strength
                                k - +3 ring of strength

@: confused, lethally poisoned (-21 -> -33), very slightly contaminated, not
resistant to hostile enchantments, very unstealthy
A: no striking features
a: Renounce Religion


You were on level 1 of the Lair of Beasts.
You worshipped Vehumet.
Vehumet was pleased with you.
You were not hungry.

You visited 2 branches of the dungeon, and saw 9 of its levels.

You collected 306 gold pieces.

Inventory:

Hand Weapons
 l - a +2 short sword
Armour
 a - a +0 robe (worn)
 f - a +0 fire dragon armour
 g - a +0 cloak (worn)
 i - a +2 buckler (worn)
 s - a +0 pair of gloves (worn)
 D - a steam dragon hide
Magical Staves
 o - an uncursed staff of summoning (weapon)
Jewellery
 k - a +3 ring of strength (left hand)
 m - an uncursed ring of resist corrosion
 n - a +2 ring of strength (right hand)
 q - a +4 amulet of reflection (around neck)
 r - an uncursed ring of positive energy {unknown}
 t - an uncursed amulet of magic regeneration
Wands
 x - a wand of disintegration (14/24)
Scrolls
 h - 6 scrolls of remove curse
 j - 5 scrolls of identify
 y - a scroll of amnesia
 z - a scroll of teleportation
 B - 2 scrolls of magic mapping
Potions
 c - a potion of cure mutation
 e - a potion of brilliance
 u - a potion of flight
 A - 2 potions of haste {unknown}
Books
 b - a book of Callings

   Spells                             Type                      Level
   a - Summon Small Mammal            Summoning                    1
   b - Call Imp                       Summoning                    2
   c - Call Canine Familiar           Summoning                    3
   d - Summon Guardian Golem          Hexes/Summoning              3
   e - Summon Lightning Spire         Summoning/Air                4
   f - Summon Ice Beast               Ice/Summoning                4
 p - a Necronomicon

   Spells                             Type                      Level
   a - Haunt                          Necromancy/Summoning         7
   b - Borgnjor's Revivification      Necromancy                   8
   c - Death's Door                   Charms/Necromancy            8
   d - Necromutation                  Transmutation/Necromancy     8
Comestibles
 d - 2 meat rations
 w - 5 royal jellies


   Skills:
 - Level 1.0 Fighting
 - Level 1.3 Armour
 + Level 5.0 Dodging
 - Level 2.4 Stealth
 + Level 2.8 Shields
 * Level 7.3 Spellcasting
 * Level 7.3 Summonings
 * Level 2.8 Necromancy
 + Level 0.2 Air Magic


You had 4 spell levels left.
You knew the following spells:

 Your Spells              Type           Power        Failure   Level  Hunger
a - Summon Small Mammal   Summ           ####         1%          1    None
b - Call Imp              Summ           ######..     1%          2    None
c - Call Canine Familiar  Summ           ######..     1%          3    None
d - Haunt                 Necr/Summ      #####.....   100%        7    #######
e - Summon Lightning Spi  Summ/Air       #####...     21%         4    ###....


Dungeon Overview and Level Annotations

Branches:
Dungeon (8/15)             Temple (0/1) D:4            Lair (1/8) D:8

Altars:
Ashenzari
Dithmenos
Gozag
Qazlal
Ru
Vehumet
The Shining One

Annotations:
Lair:1 Erica


Message History

What do you say? t - Shout!
Orders for allies: a - Attack new target. p - Attack previous target. r - Retreat! s - Stop attacking. w - Wait here. f - Follow me.
Anything else - Stay silent.
Gang up on whom?
Press: ? - help, Dir - move target cursor, f - crocodile, p - Erica
Aim: a crocodile Attack!
Your rat closely misses the crocodile.
Your crimson imp hits the crocodile but does no damage.
Erica casts a spell at your wolf. The bolt of poison hits your wolf.
Your wolf is poisoned.
Your wolf dies!
Your wolf's corpse disappears in a puff of smoke!
The bolt of poison hits you!
You are poisoned.
Ouch! That really hurt!
You die...

###
######.###
.......>.#
##P@###
#...ยง<#
#..tr@#
#..b58#
#......#
#.....##
........
.....#.#..
.....##..#.


You could see Erica (unaware), a crocodile, a friendly lightning spire, a
friendly crimson imp, a friendly bat and a friendly rat.

Vanquished Creatures
  A hound (D:4)
  Crazy Yiuf (D:3)
  A bat (D:2)
  2 giant cockroaches
  5 goblins
  2 quokkas
  A giant newt (D:3)
  2 kobolds (D:1)
  4 rats
19 creatures vanquished.

Vanquished Creatures (collateral kills)
  A komodo dragon (D:8)
  A hippogriff (D:8)
  A hungry ghost (D:8)
  A steam dragon (D:8)
  A water moccasin (Lair:1)
  An orc warrior (D:7)
  A wasp (D:8)
  A sky beast (D:8)
  A necrophage (D:8)
  A big kobold (D:8)
  A crimson imp (D:8)
  2 orc priests
  A hound (D:4)
  8 orc wizards
  Jessica (D:3)
  3 giant frog skeletons
  5 iguanas
  Natasha (twice) (D:4)
  6 worker ants
  A hound skeleton (D:8)
  Robin (D:3)
  7 gnolls
  6 adders
  2 shadow imps
  An ooze (D:3)
  2 adder skeletons
  4 worms
  3 giant geckos
  16 orcs
  2 ball pythons (D:4)
  7 bats
  3 giant cockroaches
  9 goblins
  7 hobgoblins
  2 jackals (D:8)
  4 quokkas
  A giant gecko zombie (D:8)
  3 giant newts
  15 kobolds
  A quokka zombie (D:8)
  3 rats
139 creatures vanquished.

Vanquished Creatures (others)
  A kobold (D:8)
1 creature vanquished.

Grand Total: 159 creatures vanquished

Notes
Turn   | Place    | Note
--------------------------------------------------------------
     0 | D:1      | grisgris the Deep Elf Summoner began the quest for the Orb.
     0 | D:1      | Reached XP level 1. HP: 10/10 MP: 6/6
   344 | D:2      | Reached XP level 2. HP: 15/15 MP: 1/8
   349 | D:2      | Learned a level 2 spell: Call Imp
  1112 | D:2      | Reached XP level 3. HP: 16/19 MP: 3/9
  1117 | D:2      | Learned a level 3 spell: Call Canine Familiar
  1120 | D:2      | Found an opulent altar of Gozag.
  1334 | D:1      | Reached skill level 5 in Summonings
  2452 | D:3      | Noticed Crazy Yiuf
  2470 | D:3      | Killed Crazy Yiuf
  2624 | D:3      | Reached XP level 4. HP: 24/24 MP: 8/11
  2771 | D:3      | Noticed Robin
  2778 | D:3      | Killed Robin
  2779 | D:3      | Noticed Jessica
  2802 | D:3      | Killed Jessica
  2834 | D:3      | Found a radiant altar of Vehumet.
  2843 | D:3      | Became a worshipper of Vehumet
  3014 | D:3      | Reached skill level 1 in Shields
  3014 | D:3      | Reached XP level 5. HP: 28/28 MP: 5/13
  3484 | D:4      | Reached skill level 1 in Fighting
  3526 | D:4      | Found a staircase to the Ecumenical Temple.
  3674 | D:5      | Entered Level 5 of the Dungeon
  4047 | D:5      | Reached * piety under Vehumet
  4047 | D:5      | Offered knowledge of Flame Tongue by Vehumet.
  4047 | D:5      | Reached XP level 6. HP: 34/34 MP: 8/15
  4185 | D:5      | Reached skill level 5 in Spellcasting
  4408 | D:5      | Found a shadowy altar of Dithmenos.
  4606 | D:4      | Noticed Natasha
  4617 | D:4      | Killed Natasha
  5254 | D:4      | Noticed Natasha
  5261 | D:4      | Killed Natasha
  5344 | D:6      | You fall through a shaft for 2 floors!
  5344 | D:8      | Found a staircase to the Lair.
  5344 | D:8      | Noticed a steam dragon
  5360 | D:7      | Found a shattered altar of Ashenzari.
  5360 | D:7      | Found a stormy altar of Qazlal.
  5363 | D:7      | Found a sacrificial altar of Ru.
  5466 | D:8      | Noticed a hungry ghost
  5484 | D:8      | Reached skill level 1 in Armour
  5502 | D:8      | Killed a hungry ghost
  5502 | D:8      | Reached XP level 7. HP: 14/38 MP: 12/17
  5712 | D:8      | Found a glowing golden altar of the Shining One.
  5861 | D:8      | Offered knowledge of Magic Dart by Vehumet.
  5866 | D:8      | Reached ** piety under Vehumet
  5930 | D:8      | Learned a level 7 spell: Haunt
  5966 | D:8      | Noticed a hippogriff
  5994 | D:8      | Killed a hippogriff
  6151 | D:8      | Reached skill level 1 in Necromancy
  6233 | D:8      | Noticed a komodo dragon
  6324 | D:8      | Killed a komodo dragon
  6497 | D:7      | Reached XP level 8. HP: 8/43 MP: 12/20
  7299 | D:8      | Reached skill level 5 in Dodging
  7363 | D:8      | Learned a level 4 spell: Summon Lightning Spire
  7735 | Lair:1   | Entered Level 1 of the Lair of Beasts
  7741 | Lair:1   | Noticed Erica
  7754 | Lair:1   | Killed from afar by Erica

Skill      XL: |  1  2  3  4  5  6  7  8 |
---------------+-------------------------+-----
Summonings     | 5 6 7 |  7.3
Dodging        | 3 4 5 |  5.0
Spellcasting   | 4 5 7 |  7.3
Shields        | 1 2 |  2.8
Fighting       | 1 |  1.0
Armour         | 1 |  1.3
Necromancy     | 2 |  2.8
Stealth        | |  2.4
Air Magic      | |  0.2

Action                   |  1- 3 |  4- 6 |  7- 9 || total
-------------------------+-------+-------+-------++-------
Melee: Unarmed           |     1 |       |       ||     1
       Short sword       |    47 |    53 |       ||   100
       Staff             |       |     1 |    20 ||    21
 Cast: Summon Small Mamm |    26 |    21 |    12 ||    59
       Call Imp          |    37 |    38 |    31 ||   106
       Call Canine Famil |       |    17 |    16 ||    33
       Summon Lightning  |       |       |     1 ||     1
  Use: Scroll            |     4 |    11 |     3 ||    18
       Potion            |       |     3 |     2 ||     5
 Stab: Sleeping          |     4 |     4 |       ||     8
       Distracted        |       |     1 |       ||     1
  Eat: Fruit             |     2 |       |       ||     2
       Chunk             |     3 |     3 |       ||     6
       Bread ration      |     1 |     1 |     2 ||     4
Armor: Robe              |    12 |    12 |     3 ||    27
Dodge: Dodged            |    55 |    33 |    32 ||   120
Block: Buckler           |    18 |    40 |    21 ||    79
       Reflection        |       |     3 |     2 ||     5
